[Event "FTX Crypto Cup MCCT 2022"]
[Site "Miami"]
[Date "2022.08.11"]
[Round "2.4"]
[White "Niemann, Hans Moke"]
[Black "Carlsen, Magnus"]
[Result "0-1"]
[ECO "B08"]
[WhiteElo "2688"]
[BlackElo "2864"]
[Annotator "TA"]
[PlyCount "62"]
[EventDate "2022.08.10"]
[EventType "tourn"]
[EventCountry "USA"]
[SourceTitle "playchess.com"]
[Source "ChessBase"]
[SourceQuality "1"]
[TimeControl "900+10"]

1. e4 g6 2. d4 Bg7 3. Nf3 d6 4. Be2 Nf6 5. Nc3 O-O 6. O-O e6 {[%emt 0:00:44] 6...Nc6 is the modern continuation.} 7. h3 {[%emt 0:00:36] B08: Pirc Defence: Classical System.} b6 8. e5 dxe5 {[%emt 0:00:06] [#]} 9. dxe5 $146 {[%emt 0:00:03] White is slightly better.} ({Predecessor:} 9. Nxe5 Bb7 10. Bf3 Qc8 11. Qe2 Nfd7 12. Bf4 Nxe5 13. Bxe5 Nd7 14. Bxg7 Kxg7 15. Rad1 Nf6 16. Bxb7 Qxb7 17. Qe5 Rfe8 18. Rfe1 c6 19. Ne4 Qe7 20. g4 h6 21. h4 {1-0 (21) Estrada Nieto,J (2280)-Klimciauskas,D (2150) Chess.com INT 2021}) 9... Qxd1 10. Rxd1 ({Much weaker is} 10. Nxd1 Nfd7 $11) 10... Nfd7 11. Nb5 (11. Bf4 $14) 11... Ba6 (11... a6 $1 $15 12. Nc3 (12. Nxc7 Ra7 $17) 12... Nxe5) 12. Bf4 Rc8 13. a4 Bb7 14. a5 $1 a6 15. axb6 axb5 $15 16. Ra7 {[%emt 0:00:04] [#]} Nxb6 $1 17. Rxb7 Nc6 $1 18. Bxb5 Na5 19. Rxb6 cxb6 20. Nd4 Nc4 21. Nc6 {[%emt 0:00:03] [#]} Bf8 {[%emt 0:01:05] Prevents Ne7+.} 22. b3 (22. Bxc4 Rxc6) 22... Na3 $36 {[%emt 0:00:19][%csl LRb5,LRc2][%mdl 2048] Black has strong initiative.} 23. c4 Nxb5 ({Better is} 23... Nc2 $17 {aiming for ...Ra1.} 24. Rd7 Na1) 24. cxb5 $11 Ra3 25. Rd3 ({White should try} 25. b4 $11) 25... Bc5 $15 26. Bg5 (26. g4 $15) 26... Rca8 (26... Ra1+ $142 27. Kh2 Rca8) 27. g4 $17 Ra2 28. Rf3 {[%emt 0:01:03][%mdl 8192] This costs White the game.} (28. Bd2 $17) 28... Rb2 $19 29. Kg2 Raa2 30. Bh4 g5 31. Bg3 Ra3 {[%emt 0:00:06] Weighted Error Value: White=0.47/Black=0.14 (very precise)} 0-1

[Event "FTX Crypto Cup MCCT 2022"]
[Site "Miami"]
[Date "2022.08.11"]
[Round "2.5"]
[White "Duda, Jan-Krzysztof"]
[Black "Aronian, Levon"]
[Result "1/2-1/2"]
[ECO "C56"]
[WhiteElo "2750"]
[BlackElo "2775"]
[Annotator "TA"]
[PlyCount "111"]
[EventDate "2022.08.10"]
[EventType "tourn"]
[EventCountry "USA"]
[SourceTitle "playchess.com"]
[Source "ChessBase"]
[SourceQuality "1"]
[TimeControl "300+3"]

1. e4 e5 2. Nf3 Nc6 3. Bc4 Nf6 4. d4 exd4 5. e5 d5 6. Bb5 Nd7 7. O-O Be7 8. Bxc6 bxc6 9. Nxd4 {[%emt 0:00:01] C56: Two Knights: 4 d4 exd4 5 0-0 Nxe4.} Nb8 10. Qf3 c5 11. Nf5 Bxf5 12. Qxf5 Qd7 {[%emt 0:00:03] [#]} 13. Qh5 $146 ({Predecessor:} 13. Qf3 Nc6 14. c4 Nxe5 15. Qxd5 Qxd5 16. cxd5 O-O-O 17. Nc3 Nd3 18. Rd1 c4 19. b3 {0-1 (46) Savchenko,B (2543)-Malaniuk,V (2526) Belorechensk 2005}) 13... Nc6 14. c3 O-O 15. Nd2 f6 16. exf6 Bxf6 17. Nb3 c4 18. Nc5 Qf7 19. Qxf7+ Rxf7 20. Rd1 d4 21. Ne4 Be5 22. f4 Bxf4 23. cxd4 Re8 24. Re1 {[%emt 0:00:53][%cal Oe4f6] Black must now prevent Nf6+!} Rd8 (24... Nxd4 $2 25. Nf6+ $1 Rxf6 26. Rxe8+ Kf7 27. Re4 Bxc1 28. Rxc1 $18) (24... Bxc1 $1 $17 25. Raxc1 Rfe7 26. Rxc4 Nd8 27. Rxc7 (27. d5 Nf7 $17) 27... Rxe4 28. Rxe4 Rxe4) 25. Ng5 Bxg5 26. Bxg5 Rxd4 27. Rac1 h6 28. Be3 Re4 29. Bd2 Rfe7 30. Rxe4 Rxe4 $11 {[%emt 0:00:02][%mdl 4096] Endgame KRB-KRN} 31. Bc3 Nd4 32. Bxd4 Rxd4 $15 {[%emt 0:00:02] KR-KR} 33. b3 Kf7 34. Kf2 {[%emt 0:00:15] [#]} Ke6 $1 35. Ke3 Rg4 (35... Kd5 $17 {Hoping for ...c5.} 36. bxc4+ Rxc4 37. Rd1+ Kc6) 36. Kf3 (36. Rxc4 $11 {might be stronger.} Rxc4 37. bxc4) 36... Rd4 (36... h5 $15) 37. Ke3 $1 $17 Kd5 38. Rf1 cxb3 39. axb3 Rb4 40. Rf7 $2 (40. Rd1+ $17 Kc5 41. Rd3) 40... Rxb3+ $19 41. Kf2 Rb2+ 42. Kf3 Kc6 {[%emt 0:00:10] ...a5 is the strong threat.} 43. Rxg7 a5 {[%emt 0:00:02] And now ...a4 would win.} 44. Rg6+ {[%emt 0:00:06] [#]} Kb7 $2 ({Black should play} 44... Kb5 $1 $19 {Strongly threatening ...a4.} 45. Rxh6 a4) 45. Rxh6 $11 {[%emt 0:00:00] The position is equal.} a4 46. Rh4 Rb3+ 47. Kf2 a3 48. Ra4 Rb2+ 49. Kf3 a2 50. h4 c5 {[%emt 0:00:08][%cal Oc5c4] aiming for ...c4!} 51. h5 Rb3+ 52. Kf2 Rb2+ 53. Kf3 Rb3+ 54. Kf2 Rb2+ 55. Kg3 Rb3+ 56. Kf2 {[%emt 0:00:07] Black had all chances to win.  Weighted Error Value: White=0.12 (very precise) /Black=0.16 (very precise)} 1/2-1/2

[Event "FTX Crypto Cup MCCT 2022"]
[Site "Miami"]
[Date "2022.08.11"]
[Round "2.6"]
[White "Aronian, Levon"]
[Black "Duda, Jan-Krzysztof"]
[Result "1-0"]
[ECO "A13"]
[WhiteElo "2775"]
[BlackElo "2750"]
[Annotator "TA"]
[PlyCount "145"]
[EventDate "2022.08.10"]
[EventType "tourn"]
[EventCountry "USA"]
[SourceTitle "playchess.com"]
[Source "ChessBase"]
[SourceQuality "1"]
[TimeControl "300+3"]

1. c4 e6 2. g3 d5 3. Bg2 Nf6 4. Nf3 d4 5. d3 Nc6 6. O-O Bc5 {[%emt 0:00:04] seems to push 6...Be7 aside. A13: English Opening: 1...e6.} 7. Bg5 $5 {[%emt 0:00:17][%mdl 4] Exploring less charted territory.} h6 8. Bxf6 Qxf6 {[%emt 0:00:00] The position is equal.} 9. Nbd2 Qd8 10. Ne1 e5 11. Nc2 (11. Bxc6+ $5 bxc6 12. Nef3 $11) 11... a5 {[%emt 0:00:02] [#]} 12. b3 $146 ({Predecessor:} 12. Rb1 h5 13. a3 a4 14. b4 axb3 15. Nxb3 Be7 16. c5 h4 17. Nb4 Nxb4 18. axb4 {0-1 (44) Melkumyan,H (2649)-Tristan,L (2553) Chess.com INT 2022}) 12... Nb4 13. Ne1 O-O 14. a3 Nc6 15. Nc2 Qe7 16. Ne4 Ba7 17. Rb1 f5 18. Nd2 e4 (18... Nd8 $11) 19. b4 $1 $14 (19. dxe4 fxe4 20. Bxe4 Bh3 $11) 19... Kh8 20. c5 (20. dxe4 fxe4 21. Bxe4 Bh3 $11) 20... Be6 21. dxe4 fxe4 (21... Rad8 $16) 22. Bxe4 $18 axb4 23. axb4 Rad8 24. Ne1 Bh3 25. Bg2 Bxg2 26. Kxg2 Rde8 27. Ndf3 (27. b5 $6 Ne5 $14) 27... Qxe2 (27... Qe4 {was called for.} 28. Qd3 Qd5) 28. Qxe2 Rxe2 29. Nd3 ({Not} 29. b5 Ne5 $16) 29... Rc2 30. Ra1 {[%emt 0:00:06] [#] Threatens to win with b5.} Bb8 31. Ra8 b6 $2 (31... Kh7 32. b5 Ne7) 32. Nde5 Nxe5 33. Nxe5 {[%emt 0:00:00] Ng6+ is the strong threat.} Kh7 {[%emt 0:00:02] Prevents Ng6.} 34. Nc6 ({And not} 34. Nd7 Rd8 $11) 34... bxc5 35. bxc5 Rxc5 $2 {[%emt 0:00:02] Loses the game.} (35... Rb2 $16 {was necessary.} 36. Nxd4 Rf6) 36. Rxb8 Rxb8 37. Nxb8 $16 {[%emt 0:00:00][%mdl 4096] Endgame KRN-KR} Rc3 38. Nd7 c5 39. Ne5 d3 $2 (39... h5 40. h4 Kg8) 40. Kf3 $18 c4 41. Ke3 Rc2 42. Kd4 Re2 43. Nxc4 d2 44. Rd1 Rxf2 45. Rxd2 Rf8 46. Ne5 h5 47. Ke4 h4 48. gxh4 Kh6 49. Rg2 Rf1 50. Nf3 Ra1 51. Kf4 Ra4+ 52. Kg3 Kh5 53. Kh3 Kh6 54. Rg4 Ra6 55. Kg3 (55. h5 $142 Ra5 56. Rg6+ Kxh5 57. Rxg7 Kh6 58. Rd7 Kh5 59. Kg3 Rc5 60. h4) 55... Ra3 56. Re4 Kh5 57. Re5+ Kg6 58. Rd5 {[%emt 0:00:10] [#] Intending h5+ and mate.} Kh6 59. Kg4 Ra4+ 60. Rd4 Ra6 61. Rd8 (61. h5 $142 g6 62. Rd5 Ra4+ 63. Nd4 gxh5+ 64. Rxh5+ Kg6 65. Rg5+ Kh7 66. Rd5) 61... Ra4+ 62. Kf5 g6+ 63. Ke5 Kh5 64. Rd4 Ra5+ 65. Kf4 Kh6 66. Kg4 Ra6 67. h5 gxh5+ 68. Kh4 Rg6 69. Ne5 Rg2 70. Rd6+ Kh7 71. Nf3 Rf2 72. Ng5+ Kg7 73. h3 {[%emt 0:00:01] Weighted Error Value: White=0.14 (very precise) /Black=0.39} 1-0

[Event "FTX Crypto Cup MCCT 2022"]
[Site "Miami"]
[Date "2022.08.11"]
[Round "3.1"]
[White "Aronian, Levon"]
[Black "Carlsen, Magnus"]
[Result "0-1"]
[ECO "A46"]
[WhiteElo "2775"]
[BlackElo "2864"]
[Annotator "TA"]
[PlyCount "136"]
[EventDate "2022.08.10"]
[EventType "tourn"]
[EventCountry "USA"]
[SourceTitle "playchess.com"]
[Source "ChessBase"]
[SourceQuality "1"]
[TimeControl "900+10"]

1. d4 e6 2. Nf3 Nf6 3. Bf4 Be7 (3... b6 4. e3 Bb7 5. Bd3 Be7 6. h3 c5 7. c3 cxd4 8. exd4 O-O 9. O-O d6 10. Re1 Nbd7 11. a4 a6 12. Bg3 Re8 13. Na3 Bf8 14. Nc4 Qc7 {1-0 (68) Aronian,L (2781)-Carlsen,M (2847) chess24.com INT 2021}) 4. h3 b5 5. e3 a6 6. Nbd2 {[%emt 0:00:16] A46: 1 d4 Nf6 2 Nf3 e6: Torre, London and Colle Systems.} Bb7 7. Bd3 c5 8. c3 {[%emt 0:00:03] [#] White is slightly better.} Nc6 $146 ({Predecessor:} 8... d6 9. O-O Nbd7 10. e4 Qb6 11. Qe2 h6 12. Be3 O-O 13. c4 bxc4 14. Nxc4 Qc7 {1-0 (34) Sprotte,N (2210)-Biro,S (2290) Balatonbereny 1997}) 9. e4 d6 10. Be3 O-O 11. O-O Rc8 12. dxc5 dxc5 13. Qe2 Qc7 14. a4 c4 15. Bc2 Rfd8 16. Rfd1 h6 17. axb5 axb5 18. b3 cxb3 19. Bxb3 b4 20. cxb4 Nxb4 21. Nd4 Qe5 22. f4 (22. Ra7 $5 Qb8 23. Nxe6 $1 fxe6 24. Bxe6+ Kh8 25. Bxc8 Qxc8 26. Qb5 $11) 22... Qb8 23. Nxe6 $1 fxe6 24. Bxe6+ Kh8 {[%emt 0:00:00] aiming for ...Rc2.} 25. Bxc8 Rxc8 26. Ra7 Bc5 27. Bxc5 Rxc5 28. Rda1 Nc6 {[%emt 0:03:13] Pair of Knights!} 29. Qe3 Rc2 30. R7a4 Qd8 {[%emt 0:00:15] Against Qd3} (30... Nd8 $11) 31. Nf3 {[%emt 0:00:17] Qb3 is the strong threat.} Ne7 32. Qb3 (32. Rb4 $11 Qc8 33. Rab1) 32... Qc7 $36 {[%emt 0:00:07][%mdl 2048] Black has strong initiative. Black is more active.} 33. Nd4 Rc1+ 34. Rxc1 Qxc1+ 35. Kh2 {[%emt 0:00:01] Hoping for Ne2.} Qxf4+ 36. Qg3 Qxe4 37. Rb4 Bd5 38. Qf2 $2 {[%emt 0:00:26] [#] This costs White the game.} (38. Nc6 $17 {was the only chance.} Qe6 39. Nxe7 Qxe7 40. Qf4) 38... Ng6 $1 $19 39. Nc2 Qe7 40. Rd4 Be4 41. Ne1 Qe5+ 42. Kg1 Nf4 {[%emt 0:00:05][%cal Oe5d4] Prevents Nd3. And now ...Qxd4! would win.} 43. Rb4 Kh7 44. Rb3 N6d5 45. Nf3 Qc7 46. Qb2 Qc5+ 47. Kh2 Ne3 ({Not} 47... Nd3 $2 48. Qd4 Qc7+ 49. Kh1 Qc1+ 50. Kh2 Qf4+ 51. Kg1 $19) 48. Qd4 Nf1+ ({But not} 48... Qc2 $2 49. Rb2 Nf1+ 50. Kg1 Ne2+ 51. Kxf1 Nxd4 52. Rxc2 Nxc2 53. Nd2 $19) 49. Kh1 Qxd4 ({Avoid the trap} 49... Qc2 $2 50. Rb2 Qc6 51. Rf2 $19) 50. Nxd4 Bxg2+ 51. Kg1 Bxh3 52. Rf3 g5 53. Ra3 Kg6 54. Nf3 Ng3 55. Kh2 Nf5 {[%emt 0:00:17] White must now prevent ...g4.} 56. Ra6+ Kh5 57. Ne5 g4 58. Ra3 Bf1 {[%emt 0:00:44] ( -> ...Ne2)} 59. Ra4 {[%emt 0:00:01] [#]} g3+ $1 60. Kg1 Nd3 61. Nd7 Bh3 {[%emt 0:00:09] Black mates.} 62. Nf6+ Kg6 63. Ne4 Nf4 64. Ra6+ Kh5 65. Nf6+ Kh4 66. Ra4 Kg5 67. Ne4+ Kg4 68. Nc3 Nh4 {[%emt 0:00:10] Weighted Error Value: White=0.61/Black=0.22 (precise)} 0-1

[Event "FTX Crypto Cup MCCT 2022"]
[Site "Miami"]
[Date "2022.08.11"]
[Round "3.1"]
[White "Giri, Anish"]
[Black "Firouzja, Alireza"]
[Result "1/2-1/2"]
[ECO "E04"]
[WhiteElo "2760"]
[BlackElo "2793"]
[Annotator "TA"]
[PlyCount "142"]
[EventDate "2022.08.10"]
[EventType "tourn"]
[EventCountry "USA"]
[SourceTitle "playchess.com"]
[Source "ChessBase"]
[SourceQuality "1"]
[TimeControl "900+10"]

1. d4 Nf6 2. c4 e6 3. Nf3 d5 4. g3 dxc4 5. Bg2 c5 6. O-O Nc6 7. dxc5 Qxd1 8. Rxd1 Bxc5 9. Nbd2 c3 10. bxc3 O-O {[%emt 0:00:03] E04: Open Catalan: 5 Nf3.} 11. c4 Rd8 12. Bb2 Bd7 13. Nb3 Be7 14. Nfd4 Rac8 15. Nb5 b6 16. Nd6 Rc7 17. Ba3 Ne5 18. Nb5 Bxb5 19. Rxd8+ Bxd8 20. cxb5 Nc4 {[%emt 0:04:58] Inhibits Bd6.} 21. Rd1 Rd7 22. Rxd7 Nxd7 23. Bb4 {[%emt 0:00:10] [#]} Bf6 $146 ({Predecessor:} 23... Bc7 24. e3 Bd6 25. Bc3 Na3 26. Bf1 Nc2 27. e4 Bb4 28. Bb2 Kf8 29. Bd3 Ne1 {½-½ (42) Dutra,A (2406)-Seelig,J (2327) ICCF email 2017}) 24. e3 Bb2 25. Bf1 Nce5 26. f4 Ng4 27. e4 Ngf6 28. Bd3 e5 29. Kg2 h6 30. f5 g6 31. fxg6 fxg6 32. Kf3 Kf7 33. Bc4+ Ke8 {[%emt 0:00:01] [#]} (33... Kg7 $14) 34. a4 $1 $16 g5 35. h3 Kd8 36. Be6 Bd4 37. Bf5 Bc5 38. Bd2 Bf8 39. h4 gxh4 40. gxh4 Ne8 41. Bc3 {[%emt 0:01:15] Black must now prevent Bxd7. A strong pair of Bishops.} Bg7 42. Bb4 Bf6 43. Kg4 {[%emt 0:00:15] Hoping for Bd2.} Ng7 $1 44. h5 {[%emt 0:00:02] [#] Threatens to win with Bd2.} Be7 45. Bxd7 Bxb4 $11 {[%emt 0:00:04][%mdl 4096] Endgame KBN-KBN} 46. Bf5 Ne8 47. Kf3 Ke7 48. Nc1 Nd6 49. Nd3 Bc3 50. Bg6 Kf6 51. Kg4 Nc4 52. Kf3 Kg5 53. Kg3 Ne3 54. Kf3 Ng4 55. Nf2 Nf6 56. Nh3+ Kh4 57. Nf2 Nxh5 {[%emt 0:00:09] The position is equal.} 58. Bxh5 Kxh5 {[%emt 0:00:02] KB-KN} 59. Ng4 $1 Kg5 60. Ne3 Bd4 61. Nc4 h5 {[%emt 0:01:09][%cal Bh6h5,Bh5h4,Bh4h3,Bh3h2][%mdl 32] Strongly threatening ...Kh4.} 62. Nd6 $1 h4 63. Nc8 h3 64. Nxa7 h2 65. Kg2 Kf4 66. Nc6 {[%emt 0:00:03] aiming for a5.} Kxe4 (66... Bg1 $5) 67. a5 bxa5 68. Nxa5 Kd5 {[%emt 0:00:34] ...e4 is the strong threat.} 69. Nc6 Kc5 70. Kxh2 Kxb5 71. Nxe5 Bxe5+ {[%emt 0:00:01] Weighted Error Value: White=0.07 (flawless) /Black=0.06 (flawless)} 1/2-1/2

[Event "FTX Crypto Cup MCCT 2022"]
[Site "Miami"]
[Date "2022.08.11"]
[Round "3.1"]
[White "Le, Quang Liem"]
[Black "Duda, Jan-Krzysztof"]
[Result "1-0"]
[ECO "E03"]
[WhiteElo "2722"]
[BlackElo "2750"]
[Annotator "TA"]
[PlyCount "131"]
[EventDate "2022.08.10"]
[EventType "tourn"]
[EventCountry "USA"]
[SourceTitle "playchess.com"]
[Source "ChessBase"]
[SourceQuality "1"]
[TimeControl "900+10"]

1. c4 e6 2. Nf3 d5 3. d4 Nf6 4. g3 dxc4 5. Qa4+ Nbd7 6. Bg2 a6 7. Qxc4 b5 8. Qd3 Bb7 9. O-O {[%emt 0:00:18] E03: Open Catalan: 5 Qa4+ Nbd7 6 Qxc4.} c5 10. a4 cxd4 {[%emt 0:01:44] next ...e5 is good for Black.} (10... c4 {seems wilder.} 11. Qc2 Be7 12. Ne5 Nd5) 11. axb5 {[%emt 0:01:05] The position is equal.} axb5 12. Rxa8 Qxa8 {[%emt 0:00:00] [#]} 13. Na3 $146 (13. Qxd4 $11 Bc5 14. Qd3) ({Predecessor:} 13. Qxd4 Bc5 14. Qd1 O-O 15. Ne1 Bxg2 {½-½ (15) Kurajica,B (2514)-Brkic,A (2575) Bol 2013}) 13... Bxa3 14. bxa3 e5 15. Qxb5 O-O 16. Bd2 $1 d3 (16... Ba6 17. Qa5 $11) (16... Bxf3 $5 17. Bxf3 Qxa3 $15) 17. Nh4 (17. Qxd3 $2 e4 18. Qc3 exf3 19. exf3 h6 $19) 17... dxe2 18. Qxe2 Bxg2 19. Nxg2 Qxa3 20. Rc1 Qa2 21. Nh4 Re8 22. Qd3 h6 23. h3 e4 24. Qd6 Re6 25. Qd4 Re5 26. Be3 Qe6 27. Kh2 g5 28. Ng2 Rd5 29. Qa1 Ne5 {[%emt 0:00:07] ( -> ...Nf3+)} 30. Ne1 Qd6 31. Kg2 Kg7 ({Better is} 31... Kh7 $17 32. Qc3 Nd3) 32. Nc2 $15 Nf3 {[%emt 0:01:17] Inhibits Bd4.} 33. Rb1 Qd8 34. Ne1 Ne5 35. Nc2 Kg6 (35... Qc7 $17 36. Nd4 Kg6) 36. Nd4 (36. Bb6 $11 Qd6 37. Ne3) 36... Qa5 (36... Ra5 $17 37. Qb2 Qa8) 37. Qb2 Qa6 38. Qb8 Ned7 {[%emt 0:00:14] Against Rb6} (38... Qd6 $5 39. Qxd6 Rxd6 $17) 39. Qb4 Ra5 (39... h5 $15) 40. Qe7 Re5 41. Qb4 Nd5 42. Qb2 f5 43. Ra1 Qd3 {[%emt 0:00:17] ...f4 is the strong threat.} 44. Ra3 Qd1 {[%emt 0:00:10] aiming for ...f4.} 45. Ra6+ N7f6 {[%emt 0:00:12] Threatens to win with ...f4. Pair of Knights!} 46. Nc6 {[%emt 0:00:18] Really sharp!} Re8 {[%emt 0:00:17] White must now prevent ...g4.} 47. Kh2 {[%emt 0:00:10] And now Ne5+ would win.} f4 $2 (47... Nxe3 $11 48. Ne7+ Kh7 49. Qxf6 (49. fxe3 Rxe7 50. Qxf6 Qe2+ 51. Kh1 Qe1+ 52. Kh2 Qf2+ 53. Kh1 Qf1+ 54. Kh2 Qf2+ 55. Kh1 Qf3+ 56. Kh2 Qf2+ $11) 49... Nf1+ 50. Kg2 Ne3+ 51. Kh2 (51. fxe3 Qe2+ 52. Kg1 Qe1+ 53. Kh2 Qf2+ 54. Kh1 Qf1+ 55. Kh2 Qf2+ 56. Kh1 Qf1+ 57. Kh2 Qf2+ $11) 51... Nf1+ 52. Kg2 Ne3+ 53. Kh2 (53. fxe3 Qe2+ 54. Kg1 Qe1+ 55. Kh2 Qf2+ 56. Kh1 Qe1+ 57. Kh2 Qf2+ 58. Kh1 Qe1+ 59. Kh2 $11)) 48. gxf4 $1 $18 gxf4 49. Bxf4 (49. Ne5+ Rxe5 50. Qxe5 fxe3 $11) (49. Bd4 $1 $18 {[%cal Rd4f6] and the rest is easy. Hoping for Bxf6.} f3 50. Ra1) 49... Kh5 $2 {[%emt 0:00:19][%mdl 8192] [#]} (49... Nxf4 $2 50. Ne7+ $1 Kh7 51. Qxf6 $18) (49... Qh5 $16 50. Nb4 (50. Ne5+ Kh7 $11) 50... Kf7) 50. Ra5 $2 (50. Ne7 $1 {[%mdl 512] mates} Qg4 (50... Rxe7 51. Rxf6) 51. hxg4+ Kxg4 52. Bxh6 $1 Rxe7 53. Rxf6 Nxf6 54. Qxf6 Re5 55. f3+ exf3 56. Qxe5 f2 57. Qf4+ Kh5 58. Qg5#) 50... Rg8 $2 {[%emt 0:00:08] This costs Black the game.} (50... Qf3 $16 51. Bg3 (51. Qxf6 Qxf2+ 52. Kh1 Qf3+ 53. Kh2 Qf2+ 54. Kh1 Qf3+ 55. Kh2 Qf2+ $11) 51... e3) 51. Bg3 (51. Rxd5+ $142 Nxd5 52. Qe5+ Kg6 53. Qe6+ Kg7 54. Be5+ Kf8 55. Qf5+ Ke8 56. Qc8+ Kf7 57. Qd7+ Kg6 58. Qe6+ Kh5 59. Qxg8) 51... Rg5 (51... Kg6 $142 52. Ne5+ (52. Qe5 Qh5 $18) 52... Kf5) 52. Ra1 ({Inferior is} 52. Qb7 {[#]} Rxg3 $1 53. fxg3 Qe2+ 54. Kh1 Qf3+ 55. Kh2 Qf2+ 56. Kh1 Qxg3 57. Rxd5+ Nxd5 58. Qf7+ Kh4 59. Qxd5 Qf3+ 60. Kh2 Qxh3+ 61. Kg1 Qg3+ 62. Kf1 Qf4+ 63. Ke2 Qf3+ 64. Ke1 Qh1+ 65. Ke2 Qg2+ 66. Ke3 Qg5+ 67. Qxg5+ hxg5 $11) 52... Qf3 53. Ne5 Rxe5 54. Qxe5+ Kg6 55. Bh4 e3 56. Rg1+ Kf7 57. Bxf6 Nxf6 58. Qxe3 {[%emt 0:00:03][%mdl 4096] Endgame KQR-KQN} Qf5 59. Rg2 Qd5 60. Qf4 {[%emt 0:00:09] Intending Rg3 and mate.} Qc6 61. Rg3 {[%emt 0:00:06] White mates.} h5 62. Rg5 Ke7 63. Re5+ Kd8 64. Rf5 Ke7 65. Qe5+ Kf7 66. Kg3 {[%emt 0:00:08] Weighted Error Value: White=0.52/Black=0.75} 1-0

[Event "FTX Crypto Cup MCCT 2022"]
[Site "Miami"]
[Date "2022.08.11"]
[Round "3.1"]
[White "Niemann, Hans Moke"]
[Black "Praggnanandhaa R"]
[Result "1-0"]
[ECO "B30"]
[WhiteElo "2688"]
[BlackElo "2648"]
[Annotator "TA"]
[PlyCount "127"]
[EventDate "2022.08.10"]
[EventType "tourn"]
[EventCountry "USA"]
[SourceTitle "playchess.com"]
[Source "ChessBase"]
[SourceQuality "1"]
[TimeControl "900+10"]

1. e4 c5 2. Nf3 Nc6 3. Bb5 e6 4. O-O Nge7 5. Re1 h6 6. b3 {[%emt 0:02:42] B30: Sicilian: 2...Nc6 3 Bb5, lines without ...g6.} a6 7. Bxc6 Nxc6 8. Bb2 {[%emt 0:00:00] White has an edge.} b5 9. a4 {[%emt 0:00:01] And now axb5 would win.} b4 10. d3 {[%emt 0:00:03] [#]} d6 $146 ({Predecessor:} 10... h5 11. Nbd2 f6 12. e5 d5 13. exd6 Bxd6 14. Nc4 Bc7 15. Qe2 Qd5 16. Rad1 e5 {½-½ (32) Nguyen,T (2612)-Tabatabaei,M (2650) Jermuk 2022}) 11. d4 $1 {[%emt 0:00:06] Inhibits e5.} cxd4 12. Nxd4 Nxd4 13. Qxd4 Rb8 14. Nd2 e5 $1 15. Qd3 Be7 16. Rad1 O-O 17. Nc4 $36 {[%emt 0:00:05][%cal Rc4d6][%mdl 2048] White is pushing.} Bg4 18. Rd2 Qc8 (18... Bg5 $11) 19. Nxd6 Qe6 {[%emt 0:00:42] Hoping for ...Rbd8.} 20. Qd5 (20. Qxa6 Rfd8 $11) 20... Qxd5 21. Rxd5 f6 22. Nf5 {[%emt 0:01:15] White is more active.} Bxf5 23. exf5 Rfc8 24. Re2 h5 25. Kf1 Rb7 26. Ke1 Kf7 27. Bc1 Bc5 28. Kd1 Rc6 29. f3 g6 30. fxg6+ Kxg6 31. f4 Bd4 32. fxe5 Bxe5 33. h3 Rg7 (33... Rbc7 $142) 34. Bd2 $16 Rb6 35. Ke1 (35. Rd8 $16) 35... Kf5 ({Black should try} 35... Bg3+ $14 36. Kd1 Rd6 37. Rxd6 Bxd6) 36. Rc5 Rd7 37. Rc4 Rbd6 38. g4+ (38. Rxb4 {[#]} Rxd2 $1 39. Rxd2 (39. g4+ hxg4 40. Rxd2 Bc3 $17) 39... Bc3 $17) (38. Bxb4 $6 Rd1+ 39. Kf2 Bd4+ 40. Kg3 h4+ 41. Kxh4 Rh7+ 42. Kg3 Rg7+ 43. Kh4 Rh7+ 44. Kg3 Rg7+ 45. Kh4 Rh7+ $11) 38... hxg4 (38... Kg6 $16) 39. hxg4+ $18 Kg6 40. Bxb4 Rd1+ 41. Kf2 Rh7 42. Re1 (42. Bd2 $18) 42... Rd5 43. Kf3 Rh3+ 44. Ke4 Rd7 45. Bc5 Kg5 (45... Rh4 $16 {was necessary.}) 46. Rg1 Bf4 (46... Rh2 $142 47. b4 Rb7) 47. Bd4 Bg3 (47... Re7+ $142 48. Kd5 Be3) 48. Rc5+ Kg6 49. Rh5 Bh4 50. Rf1 Rh2 {[%emt 0:00:10] [#]} 51. Bxf6 Rf7 (51... Re2+ 52. Kf3) 52. Be5 {[%emt 0:00:23] Rxf7 is the strong threat.} (52. Rxh4 Rxh4 53. Bxh4 Rxf1 $16) (52. Bxh4 Rxf1 53. Kd3 Rd1+ 54. Kc3 Rdd2 $11) 52... Re2+ 53. Kd3 Rxe5 (53... Rxf1 $142 54. Kxe2 Re1+ 55. Kd2 Re4 56. Rxh4 Rxe5) 54. Rxf7 ({Less strong is} 54. Rxe5 Rxf1 55. Re6+ Kf7 56. Rxa6 Rf3+ 57. Ke4 Rc3 $14) 54... Rxh5 55. gxh5+ Kxf7 {[%emt 0:00:01][%mdl 4096] Endgame KB-KP} 56. b4 Kg7 57. Kd4 {[%emt 0:00:13] White mates.} ({And not} 57. b5 axb5 58. a5 (58. axb5 Kh6 $11) 58... Bf2 $11) 57... Kh6 58. c4 Kxh5 59. b5 axb5 60. cxb5 Kg6 61. Kd5 Kf7 62. a5 Ke7 63. a6 ({Worse is} 63. b6 Kd7 $11) 63... Bf2 64. Kc6 {[%emt 0:00:01] Weighted Error Value: White=0.07 (flawless) /Black=0.43} 1-0